 Dungeon Crawl Stone Soup version 0.17.1-2-g5865329 (webtiles) character file.

3719 inmateoo the Insei (level 10, 0/118 HPs)
             Began as an Octopode Transmuter on Feb 11, 2016.
             Was an Elder of Makhleb.
             Slain by a killer bee (6 damage)
             ... on level 8 of the Dungeon on Feb 12, 2016.
             The game lasted 00:17:56 (9756 turns).

inmateoo the Insei (Octopode Transmuter)            Turns: 9756, Time: 00:17:57

Health: 0/118      AC: 25    Str: 16    XL:     10   Next: 14%
Magic:  17/17      EV:  2    Int: 20    God:    Makhleb [****..]
Gold:   345        SH:  0    Dex: 13    Spells: 5 memorised, 3 levels left

rFire  + . .     SeeInvis +       - Unarmed
rCold  + . .     Clarity  .     (no shield)
rNeg   + + +     SustAt   .     (helmet currently unavailable)
rPois  +         Gourm    .     e - amulet of warding
rElec  +         Spirit   .     r - ring of see invisible
rCorr  +         Warding  +     w - +3 ring of intelligence
rMut   .         NoTele   +     o - ring of stealth
MR     .....                    (no ring)
Stlth  +++.......               (no ring)
                                (no ring)
                                (no ring)
                                (no ring)

@: mighty, lethally poisoned (0 -> -2), tree-form, resistant, not resistant to
hostile enchantments, fairly stealthy
A: almost no armour, amphibious, 8 rings, (constrict 8), (tentacle spike 0),
(camouflage 0), sense surroundings 1, (poison resistance), robust 2, (gelatinous
body 0)
a: Minor Destruction, Lesser Servant of Makhleb, Major Destruction, Renounce
Religion


You were on level 8 of the Dungeon.
You worshipped Makhleb.
Makhleb was greatly pleased with you.
You were near starving.
You were a tree.
You visited 2 branches of the dungeon, and saw 9 of its levels.

You collected 345 gold pieces.

Inventory:

Hand Weapons
 n - a +2 whip of electrocution
Missiles
 a - 119 arrows
 k - 4 javelins (quivered)
Armour
 l - a +0 buckler
Jewellery
 e - an amulet of warding (around neck)
 o - a ring of stealth (on tentacle)
 r - a ring of see invisible (left branch)
 w - a +3 ring of intelligence (right branch)
Wands
 t - a wand of digging (12)
 u - a wand of enslavement (11)
 y - a wand of fire (9)
 z - a wand of slowing (12)
 C - a wand of cold (8)
Scrolls
 g - 3 scrolls of magic mapping
 j - a scroll of teleportation
Books
 b - a book of Changes

   Spells                             Type                      Level
   a - Beastly Appendage              Transmutation                1
   b - Sticks to Snakes               Transmutation                2
   c - Spider Form                    Transmutation/Poison         3
   d - Ice Form                       Ice/Transmutation            4
   e - Blade Hands                    Transmutation                5
 h - a book of Summonings

   Spells                             Type                      Level
   a - Recall                         Summoning/Translocation      3
   b - Aura of Abjuration             Summoning                    5
   c - Shadow Creatures               Summoning                    5
   d - Summon Demon                   Summoning                    5
   e - Summon Forest                  Summoning/Translocation      5
   f - Summon Mana Viper              Hexes/Summoning              5
Comestibles
 c - 7 bread rations
 d - 4 slices of pizza
 p - 2 meat rations
 x - 8 fruits
 A - a beef jerky


   Skills:
 + Level 5.0 Fighting
 + Level 5.1 Dodging
 - Level 1.1 Stealth
 * Level 7.8 Unarmed Combat
 + Level 4.7 Spellcasting
 * Level 6.9 Transmutations
 - Level 5.0 Ice Magic
 + Level 3.0 Invocations


You had 3 spell levels left.
You knew the following spells:

 Your Spells              Type           Power        Failure   Level  Hunger
a - Beastly Appendage     Trmt           ####..       1%          1    None
b - Sticks to Snakes      Trmt           ####......   1%          2    #......
c - Spider Form           Trmt/Pois      ###.......   10%         3    ##.....
d - Ice Form              Ice/Trmt       ####....     12%         4    ####...
e - Blade Hands           Trmt           ####......   21%         5    ######.


Dungeon Overview and Level Annotations

Branches:
Dungeon (8/15)             Temple (1/1) D:4
   Lair: D:8-11

Altars:
Ashenzari
Cheibriados
Dithmenos
Fedhas
Makhleb
Nemelex Xobeh
Qazlal
Ru
Sif Muna
Trog
Vehumet
Yredelemnul
Zin
The Shining One

Annotations:
D:4 ololoev's ghost, weakling DsFi
D:8 exclusion: 2 doors


Innate Abilities, Weirdness & Mutations

You cannot wear most types of armour.
You are amphibious.
You can wear up to eight rings at the same time.
((You can use your tentacles to constrict eight enemies at once.))
((Your skin changes colour to match your surroundings (Stealth).))
((Your rubbery body absorbs attacks (AC +1).))
((One of your tentacles bears a spike.))
You passively map a small area around you.
((Your system is resistant to poisons.))
You are very robust (+20% HP).


Message History

The wight hits you with a great sword.
* * * LOW HITPOINT WARNING * * *
The killer bee stings you but does no damage.
Unknown command.
The killer bee buzzes angrily.
You smack the killer bee!
You kill the killer bee!
Makhleb accepts your kill.
You feel better.
Your Fighting skill increases to level 5!
Your Invocations skill increases to level 3!
The killer bee stings you but does no damage. x3
The killer bee stings you.
* * * LOW HITPOINT WARNING * * *
A killer bee and a wight come into view.
The killer bee buzzes angrily.
You hit the killer bee.
The killer bee is moderately wounded.
You feel sick. The killer bee stings you.
You die...

...y ######.#.##..≈≈.#
#..## #......##....P≈≈≈ ,
,.z. #......###.P..≈≈≈ ,
##.######......##.##.≈≈≈≈
*
#.y............##..P.≈≈.#
#...y†....####.#.##..≈≈))
#...y.....# #.##.P..P÷≈≈
#.....zyyz# #.###.##.P≈≈
, #......y♣.# #.#
##.P..≈# * ##.########
#.# ###.... , ... , *
#.########## * *.... , *
#........# # * #...≈
########.### *#... , * *
#.>() * , ###)) , , ,,*
#.. , * #..


You could see 6 killer bees and 3 wights.

Vanquished Creatures
  Grinder (D:6)
  Sigmund (D:4)
  Menkaure (D:7)
  Edmund (D:5)
  3 ice beasts
  A sky beast (D:6)
  5 ogres
  5 centaurs
  3 big kobolds
  A giant frog (D:6)
  2 killer bees (D:8)
  2 scorpions
  4 wights (D:8)
  An electric eel (D:8)
  3 orc priests
  A giant frog zombie (D:6)
  4 crimson imps
  3 jellies
  Crazy Yiuf (D:6)
  4 hounds
  4 worker ants
  3 iguanas (D:7)
  5 orc wizards
  2 gnoll shamans
  A killer bee zombie (D:6)
  A worker ant zombie (D:5)
  A hound skeleton (D:4)
  12 gnolls
  2 shadow imps
  6 adders
  3 oozes
  An adder skeleton (D:6)
  2 adder zombies
  5 worms
  2 giant geckos (D:5)
  31 orcs
  6 bats
  7 giant cockroaches
  4 hobgoblins
  5 jackals
  24 kobolds
  4 quokkas
  2 ball pythons
  5 giant newts
  5 goblins
  8 rats
198 creatures vanquished.

Notes
Turn   | Place    | Note
--------------------------------------------------------------
     0 | D:1      | inmateoo the Octopode Transmuter began the quest for the Orb.
     0 | D:1      | Reached XP level 1. HP: 13/13 MP: 3/3
   316 | D:1      | Reached XP level 2. HP: 16/18 MP: 5/5
   694 | D:1      | Learned a level 2 spell: Sticks to Snakes
   759 | D:2      | Found a faded altar to an unknown god.
   767 | D:2      | Reached XP level 3. HP: 23/23 MP: 6/6
  1529 | D:3      | Reached XP level 4. HP: 17/28 MP: 7/7
  1531 | D:3      | Reached skill level 4 in Unarmed Combat
  1710 | D:3      | Learned a level 3 spell: Spider Form
  1805 | D:3      | Noticed a centaur
  2033 | D:4      | Noticed an ogre
  2045 | D:4      | Killed an ogre
  2045 | D:4      | Reached XP level 5. HP: 3/34 MP: 2/8
  2373 | D:4      | Noticed ololoev's ghost (weakling DsFi)
  2374 | D:4      | Found a staircase to the Ecumenical Temple.
  2426 | D:5      | Entered Level 5 of the Dungeon
  2603 | D:5      | Reached XP level 6. HP: 36/40 MP: 8/10
  2622 | D:5      | Noticed a steam dragon
  2648 | D:5      | Learned a level 4 spell: Ice Form
  2890 | D:3      | Reached skill level 1 in Ice Magic
  3299 | D:3      | Gained mutation: You are robust (+10% HP). [potion of beneficial mutation]
  3490 | D:2      | Gained mutation: One of your tentacles bears a spike. [potion of beneficial mutation]
  3559 | D:3      | Killed a centaur
  3559 | D:3      | Reached skill level 5 in Unarmed Combat
  3559 | D:3      | Reached XP level 7. HP: 45/49 MP: 4/11
  3900 | Temple   | Entered the Ecumenical Temple
  3937 | Temple   | Became a worshipper of Makhleb the Destroyer
  4132 | D:4      | Gained mutation: Your system is resistant to poisons. [potion of mutation]
  4132 | D:4      | Gained mutation: You are very robust (+20% HP). [potion of mutation]
  4273 | D:4      | Noticed Sigmund
  4284 | D:4      | Killed Sigmund
  4866 | Temple   | Reached XP level 8. HP: 20/62 MP: 12/12
  5321 | D:5      | Reached * piety under Makhleb
  5336 | D:5      | Noticed an ogre
  5353 | D:5      | Killed an ogre
  5365 | D:5      | Noticed a centaur
  5383 | D:5      | Killed a centaur
  5550 | D:5      | Noticed a centaur
  5554 | D:5      | Killed a centaur
  5554 | D:5      | Reached skill level 6 in Unarmed Combat
  5829 | D:5      | Noticed an ice beast
  5841 | D:5      | Killed an ice beast
  5841 | D:5      | Reached skill level 5 in Transmutations
  5919 | D:5      | Reached skill level 1 in Stealth
  6006 | D:5      | Noticed Edmund
  6017 | D:5      | Killed Edmund
  6442 | D:6      | Found a shattered altar of Ashenzari.
  6517 | D:6      | Reached XP level 9. HP: 69/69 MP: 9/14
  6519 | D:6      | Found a shadowy altar of Dithmenos.
  6852 | D:6      | Noticed Grinder
  6852 | D:6      | Paralysed by Grinder for 7 turns
  6866 | D:6      | Paralysed by Grinder for 5 turns
  6880 | D:6      | Paralysed by Grinder for 6 turns
  6893 | D:6      | Killed Grinder
  6893 | D:6      | Reached ** piety under Makhleb
  7415 | D:6      | Learned a level 5 spell: Blade Hands
  7504 | D:6      | Gained mutation: Your muscles are strong. (Str +2) [mutagenic meat]
  7506 | D:6      | Gained mutation: You passively map a small area around you. [mutagenic meat]
  7507 | D:6      | Lost mutation: Your muscles are strong. (Str +2) [mutagenic meat]
  7763 | D:6      | Noticed Crazy Yiuf
  7768 | D:6      | Killed Crazy Yiuf
  7957 | D:7      | Noticed Menkaure
  7965 | D:7      | Killed Menkaure
  7965 | D:7      | Reached skill level 7 in Unarmed Combat
  8130 | D:7      | Reached skill level 5 in Ice Magic
  8159 | D:7      | Reached skill level 1 in Invocations
  8500 | D:7      | Reached *** piety under Makhleb
  9376 | D:8      | Reached XP level 10. HP: 64/78 MP: 16/16
  9432 | D:8      | Reached skill level 5 in Dodging
  9573 | D:8      | Reached **** piety under Makhleb
  9746 | D:8      | HP: 2/93 [killer bee (4)]
  9754 | D:8      | HP: 4/117 [wight/great sword (5)]
  9755 | D:8      | Reached skill level 5 in Fighting
  9756 | D:8      | Slain by a killer bee

Action                   |  1- 3 |  4- 6 |  7- 9 | 10-12 || total
-------------------------+-------+-------+-------+-------++-------
Melee: Unarmed           |    32 |    13 |   315 |    44 ||   404
       Hand axe          |     4 |       |       |       ||     4
       Whip              |    38 |    71 |    47 |       ||   156
Throw: Javelin           |     1 |       |     4 |       ||     5
 Cast: Beastly Appendage |     5 |       |       |       ||     5
       Spider Form       |       |     3 |    10 |       ||    13
       Ice Form          |       |       |    12 |     3 ||    15
  Use: Scroll            |     2 |     8 |     9 |     1 ||    20
       Potion            |       |     4 |     3 |     7 ||    14
 Stab: Sleeping          |     6 |     4 |     8 |       ||    18
  Eat: Chunk             |     2 |     6 |    26 |       ||    34
       Beef jerky        |       |       |     1 |       ||     1
